 Dungeon Crawl Stone Soup version 0.17-a0-968-gf8e1f1d (webtiles) character file.

2454 laxity the Thaumaturge (level 9, -5/51 HPs)
             Began as a Deep Elf Fire Elementalist on May 9, 2015.
             Was an Initiate of Vehumet.
             Slain by Duvessa
             ... wielding a +0 short sword
              (11 damage)
             ... on level 7 of the Dungeon.
             The game lasted 00:16:50 (9675 turns).

laxity the Thaumaturge (Deep Elf Fire Elementalist) Turns: 9675, Time: 00:16:50

Health: -5/51      AC:  4    Str:  5    XL:     9   Next: 25%
Magic:  8/23       EV: 13    Int: 24    God:    Vehumet [......]
Gold:   380        SH:  0    Dex: 15    Spells: 5 memorised, 10 levels left

rFire  + . .     SeeInvis .     u - +4 short sword (holy)
rCold  . . .     Clarity  .     a - +0 robe
rNeg   . . .     SustAb   +     (no shield)
rPois  .         Gourm    .     (no helmet)
rElec  +         Spirit   .     (no cloak)
rCorr  +         Warding  .     (no gloves)
rMut   .         Stasis   .     k - +1 pair of boots
MR     .....                    G - amulet of the Sun {rCorr +Blink +Fly rElec}
Stlth  ++........               C - ring of fire
                                s - ring of sustain abilities

@: not resistant to hostile enchantments, unstealthy
A: cold resistance 1, subdued magic 1
a: Renounce Religion, Evoke Blink, Evoke Flight


You were on level 7 of the Dungeon.
You worshipped Vehumet.
Vehumet was noncommittal.
You were not hungry.

You visited 2 branches of the dungeon, and saw 8 of its levels.

You collected 380 gold pieces.

Inventory:

Hand weapons
 u - a +4 short sword of holy wrath (weapon)
Armour
 a - a +0 robe (worn)
 k - a +1 pair of boots (worn)
Jewellery
 s - a ring of sustain abilities (left hand)
 C - a ring of fire (right hand)
 G - the amulet of the Sun (around neck) {rCorr +Blink +Fly rElec}
   (You found it on level 6 of the Dungeon)

   [amulet of resist corrosion]

   It protects you from acid and corrosion.
   It insulates you from electricity.
   It lets you fly.
   It lets you blink.
Magical devices
 o - a wand of enslavement (12)
Scrolls
 d - 5 scrolls of remove curse
 l - 5 scrolls of identify
 v - 2 scrolls of teleportation
Potions
 f - a potion of curing
 g - a potion of resistance
 m - 2 potions of agility
Books
 b - a book of Flames

   Spells                             Type                      Level
   a - Flame Tongue                   Conjuration/Fire             1
   b - Throw Flame                    Conjuration/Fire             2
   c - Conjure Flame                  Conjuration/Fire             3
   d - Inner Flame                    Hexes/Fire                   3
   e - Sticky Flame                   Conjuration/Fire             4
   f - Fireball                       Conjuration/Fire             5
Comestibles
 c - 8 bread rations
 i - 10 fruits
 n - 2 beef jerkies
 q - a royal jelly
 r - 5 meat rations
 E - a slice of pizza


   Skills:
 + Level 3.6 Fighting
 + Level 4.2 Short Blades
 - Level 2.4 Dodging
 - Level 2.4 Stealth
 + Level 8.7 Spellcasting
 + Level 6.8 Conjurations
 + Level 7.4 Fire Magic


You had 10 spell levels left.
You knew the following spells:

 Your Spells              Type           Power        Failure   Level  Hunger
a - Flame Tongue          Conj/Fire      #####        1%          1    None
b - Throw Flame           Conj/Fire      #####.       1%          2    None
c - Conjure Flame         Conj/Fire      #####...     1%          3    None
d - Sticky Flame          Conj/Fire      #####...     1%          4    ##.....
e - Fireball              Conj/Fire      #####.....   5%          5    ####...


Dungeon Overview and Level Annotations

Branches:
Dungeon (7/15)             Temple (1/1) D:6

Altars:
Ashenzari
Cheibriados
Dithmenos
Elyvilon
Fedhas
Gozag
Kikubaaqudgha
Makhleb
Nemelex Xobeh
Okawaru
Qazlal
Ru
Sif Muna
Trog
Vehumet
Xom
Yredelemnul
Zin
The Shining One

Shops:
D:4 (

Annotations:
D:7 Duvessa, Menkaure


Innate Abilities, Weirdness & Mutations

Your flesh is cold resistant.
Your spells are a little easier to cast, but a little less powerful.


Message History

Press: ? - help, Shift-Dir - straight line, f/p - Duvessa
Aim: Duvessa, wielding a short sword and wearing a runed ring mail (moderately wounded, berserk, fast, unusually strong, covered in liquid flames)
You feel a surge of power!
The sticky flame hits Duvessa.
Duvessa is moderately wounded.
Duvessa burns!
Duvessa hits you with a short sword.
* * * LOW HITPOINT WARNING * * *
Duvessa hits you with a short sword!
* * * LOW HITPOINT WARNING * * *
Drink which item? (? for menu, Esc to quit)
You feel better.
Duvessa burns!
Duvessa hits you with a short sword!
* * * LOW HITPOINT WARNING * * *
Duvessa hits you with a short sword.
* * * LOW HITPOINT WARNING * * *
Read which item? (? for menu, Esc to quit)
Okay, then.
Unknown command.
Duvessa burns!
Unknown command.
Duvessa burns!
Duvessa hits you with a short sword!
You die...

#..##..)###......
....####..##....#.
..........#....>..#.
####....###........... #.
#.....#.##..##.#...###
#.##.###.#....# #.#...# #
#........#..## ##.#.###
#\.####..# ##....#####
#.#.e@...###..#.......
#......###.###..#...#####
......###
#.##......###### .......
#.####..#..##... ..#....
#.####.###...... . ##..#
#.#.....###..... ...
#........####... ...
#........# ####
............#


You could see Duvessa (berserk).

Vanquished Creatures
  Sigmund (D:3)
  A hippogriff (D:5)
  A water moccasin (D:6)
  A necrophage (D:5)
  2 ice beasts
  2 sky beasts
  A black bear (D:6)
  2 phantoms (D:5)
  4 ogres
  2 centaurs
  A giant frog (D:6)
  Dowan (D:7)
  3 crimson imps (D:5)
  An orc priest (D:4)
  An iguana (D:4)
  A centaur zombie (D:5)
  Ijyb (D:2)
  A centaur skeleton (D:7)
  A giant frog skeleton (D:7)
  A hound (D:5)
  3 iron imps (D:3)
  5 worker ants
  A killer bee zombie (D:7)
  A hound zombie (D:5)
  7 gnolls (D:3)
  5 adders
  An adder zombie (D:3)
  A worm (D:2)
  5 giant geckos
  24 orcs
  3 ball pythons
  8 bats
  2 bat skeletons
  3 giant cockroaches
  7 goblins
  9 hobgoblins
  6 jackals
  12 kobolds
  5 giant newts
  A giant spore (D:6)
  A jackal skeleton (D:4)
  A jackal zombie (D:5)
  A quokka (D:6)
  A quokka skeleton (D:4)
  10 rats
  5 ballistomycetes (D:6)
157 creatures vanquished.

Vanquished Creatures (others)
  An adder (D:2)
1 creature vanquished.

Grand Total: 158 creatures vanquished

Notes
Turn   | Place    | Note
--------------------------------------------------------------
     0 | D:1      | laxity, the Deep Elf Fire Elementalist, began the quest for the Orb.
     0 | D:1      | Reached XP level 1. HP: 10/10 MP: 6/6
   182 | D:1      | Reached XP level 2. HP: 10/15 MP: 4/8
   186 | D:1      | Learned a level 2 spell: Throw Flame
   649 | D:1      | Reached XP level 3. HP: 17/19 MP: 2/10
   655 | D:1      | Learned a level 3 spell: Conjure Flame
  1028 | D:2      | Noticed Ijyb
  1054 | D:2      | Killed Ijyb
  1054 | D:2      | Reached skill level 4 in Spellcasting
  1054 | D:2      | Reached XP level 4. HP: 24/24 MP: 4/12
  1892 | D:2      | Learned a level 4 spell: Sticky Flame
  2434 | D:3      | Noticed Sigmund
  2548 | D:3      | Killed Sigmund
  2548 | D:3      | Reached skill level 5 in Spellcasting
  2548 | D:3      | Reached skill level 5 in Fire Magic
  2548 | D:3      | Reached XP level 5. HP: 7/28 MP: 5/14
  2548 | D:3      | Reached XP level 6. HP: 8/32 MP: 5/15
  2807 | D:3      | Found a burning altar of Makhleb.
  3749 | D:3      | Reached skill level 6 in Spellcasting
  4079 | D:3      | Reached XP level 7. HP: 13/37 MP: 18/18
  4317 | D:3      | Found a snail-covered altar of Cheibriados.
  4463 | D:4      | Reached skill level 1 in Short Blades
  4471 | D:4      | Learned a level 5 spell: Fireball
  4935 | D:4      | Found Yzage's Weapon Boutique.
  5120 | D:4      | Reached skill level 1 in Fighting
  5236 | D:4      | Reached skill level 5 in Conjurations
  5728 | D:5      | Entered Level 5 of the Dungeon
  5762 | D:5      | Found a glowing silver altar of Zin.
  5880 | D:5      | Reached XP level 8. HP: 25/44 MP: 7/20
  6063 | D:5      | Reached skill level 7 in Spellcasting
  7742 | D:6      | Found a staircase to the Ecumenical Temple.
  7806 | Temple   | Entered the Ecumenical Temple
  7902 | Temple   | Became a worshipper of Vehumet
  8365 | D:6      | Reached skill level 8 in Spellcasting
  8537 | D:6      | Got a scintillating copper amulet
  8602 | D:6      | Reached XP level 9. HP: 51/51 MP: 17/23
  8819 | D:6      | Got a transparent scimitar
  8889 | D:7      | Noticed Menkaure
  8889 | D:7      | Noticed Duvessa
  8889 | D:7      | Noticed Dowan
  8982 | D:6      | Identified the amulet of the Sun {rCorr +Blink +Fly rElec} (You found it on level 6 of the Dungeon)
  9488 | D:7      | Gained mutation: Your flesh is cold resistant. [mutagenic meat]
  9489 | D:7      | Gained mutation: Your spells are a little easier to cast, but a little less powerful. [mutagenic meat]
  9604 | D:7      | Killed Dowan
  9675 | D:7      | Slain by Duvessa

Action                   |  1- 3 |  4- 6 |  7- 9 || total
-------------------------+-------+-------+-------++-------
Melee: Unarmed           |     3 |       |       ||     3
       Short sword       |       |    23 |    78 ||   101
 Cast: Flame Tongue      |    48 |    65 |   137 ||   250
       Throw Flame       |     4 |    39 |    50 ||    93
       Sticky Flame      |       |     1 |    13 ||    14
       Conjure Flame     |       |     1 |       ||     1
  Use: Scroll            |       |     2 |     9 ||    11
       Potion            |       |       |     9 ||     9
  Eat: Chunk             |       |     9 |    19 ||    28
       Pizza             |       |       |     1 ||     1
       Fruit             |       |       |     1 ||     1
